 Dungeon Crawl Stone Soup version 0.28.0-1-gb440e238dd (webtiles) character file.

Game seed: 7419837894364327323

3569 issech the Basher (level 9, -2/80 HPs)
             Began as a Troll Monk on Feb 19, 2022.
             Was a Believer of Hepliaklqana.
             Slain by a wolf (3 damage)
             ... in a bailey.
             The game lasted 00:33:09 (7151 turns).

issech the Basher (Troll Monk)                      Turns: 7151, Time: 00:33:09

Health: -2/80      AC:  4    Str: 21    XL:     9   Next: 84%
Magic:  0/8        EV: 12    Int:  6    God:    Hepliaklqana [**....]
Gold:   274        SH:  0    Dex: 16    Spells: 8/8 levels left

rFire   + + .      SeeInvis .   t - +9 whip "Wirof" {venom, rF++}
rCold   . . .      Faith    .   (no shield)
rNeg    . . .      Spirit   +   b - +0 robe
rPois   .          Reflect  .   (helmet restricted)
rElec   .          Harm     .   (no cloak)
rCorr   .          Rampage  .   (gloves unavailable)
Will    .....                   (boots unavailable)
Stlth   ++........              C - amulet of guardian spirit
HPRegen 1.03/turn               (no ring)
MPRegen 0.11/turn               (no ring)

@: no status effects
A: reduced essence, large, unfitting armour, claws 3, regeneration 1, shaggy fur
1, tough skin 1
a: Renounce Religion, Recall Ancestor, Ancestor Identity


You were in a bailey.
You worshipped Hepliaklqana.
Hepliaklqana was pleased with you.
You visited 2 branches of the dungeon, and saw 8 of its levels.
You also visited: Bailey.

You collected 484 gold pieces.
You spent 210 gold pieces at shops.

Inventory:

Hand Weapons
 a - a +0 mace
 n - a +1 spear of freezing
 t - the +9 whip "Wirof" (weapon) {venom, rF++}
   (You bought it in a shop on level 3 of the Dungeon)

   It poisons the flesh of those it strikes.
   rF:        It greatly protects you from fire.
 u - a +1 whip of pain
 E - a +0 dagger of venom
Missiles
 d - 207 stones (quivered)
 f - 9 boomerangs
 i - 5 poisoned darts
 j - 98 bolts
 k - 5 javelins
 m - 132 arrows
 w - 3 datura-tipped darts
 D - a curare-tipped dart
 F - 5 throwing nets
Armour
 b - a +0 robe (worn)
Jewellery
 C - an amulet of guardian spirit (around neck)
Wands
 p - a wand of acid (14)
 s - a wand of polymorph (12)
 B - a wand of iceblast (7)
Scrolls
 c - 2 scrolls of teleportation
 e - a scroll of amnesia
 h - 2 scrolls of fog
 l - 3 scrolls of blinking
 o - a scroll of fear
 q - a scroll of silence {unknown}
 y - a scroll of enchant weapon {unknown}
Potions
 g - a potion of heal wounds {unknown}
 r - 4 potions of haste {unknown}
 v - a potion of flight {unknown}
 x - 2 potions of curing
 z - a potion of resistance {unknown}
 A - 2 potions of mutation {unknown}


   Skills:
 + Level 6.1 Fighting
 + Level 9.3 Maces & Flails
 + Level 6.0 Dodging
 + Level 2.7 Stealth


You had 8 spell levels left.
You didn't know any spells.
Your spell library contained the following spells:

 Spells                   Type           Power      Damage    Failure   Level
 Sting                    Tmut/Pois      0%         1d3       45%         1
 Summon Small Mammal      Summ           0%         N/A       45%         1
 Poisonous Vapours        Pois/Air       0%         N/A       58%         2
 Static Discharge         Conj/Air       0%         N/A       58%         2
 Call Canine Familiar     Summ           0%         N/A       83%         3
 Summon Guardian Golem    Hex/Summ       0%         N/A       83%         3
 Tukima's Dance           Hex            0%         N/A       83%         3
 Olgreb's Toxic Radiance  Pois           0%         N/A       99%         4
 Passage of Golubria      Tloc           0%         N/A       99%         4
 Lightning Bolt           Conj/Air       0%         1d11      100%        5
 Yara's Violent Unravell  Hex/Tmut       0%         3d3       100%        5
 Maxwell's Capacitive Co  Air            0%         ∞         100%        8


Dungeon Overview and Level Annotations

Branches:
Dungeon (7/15)             Temple (1/1) D:7          Bailey (1/1)

Altars:
Cheibriados
Dithmenos
Hepliaklqana
Makhleb
Nemelex Xobeh
Okawaru
Sif Muna
Vehumet
Wu Jian
Yredelemnul
Beogh

Shops:
D:3 (


Innate Abilities, Weirdness & Mutations

Your life essence is reduced to manifest your ancestor. (-10% HP)
You are too large for most types of armour.
You have claws for hands.
Your natural rate of healing is unusually fast.
You are covered in fur. (AC +1)
You have tough skin. (AC +1)


Message History

The stone arrow hits the gnoll.
The wolf bites Edwyna.
The wolf bites Edwyna but does no damage.
The gnoll barely misses Edwyna.
The gnoll sergeant hits Edwyna with a +0 glaive!
The wolf bites Edwyna!
Edwyna is destroyed!
The wolf closely misses you.
There is an open door here.
You kill the gnoll!
You hit the wolf.
The wolf is poisoned.
The wolf is lightly wounded.
The wolf bites you!
* * * LOW HITPOINT WARNING * * *
As you read the scroll of teleportation, it crumbles to dust.
You feel strangely unstable.
The gnoll shaman shouts!
The wolf misses you. The wolf barely misses you.
The wolf pauses to sniff the ground.
The wolf barely misses you. The wolf closely misses you.
The wolf barely misses you.
There is an open door here.
Your surroundings seem slightly different.
The wolf bites you but does no damage. The wolf bites you but does no damage.
The wolf bites you.
* * * LOW HITPOINT WARNING * * *
The wolf misses you. The wolf bites you.
* * * LOW HITPOINT WARNING * * *
The wolf bites you.
* * * LOW HITPOINT WARNING * * *
The wolf bites you.
* * * LOW HITPOINT WARNING * * *
The wolf bites you!
* * * LOW HITPOINT WARNING * * *
The gnoll sergeant misses you. The wolf bites you but does no damage.
The wolf bites you.
* * * LOW HITPOINT WARNING * * *
The wolf bites you.
You die...

♣♣♣♣♣♣♣♣♣ ♣♣≈≈≈≈≈≈≈
♣≈≈...#############
♣≈...##.8...#...8.# #..≈.♣
♣≈..##...h..#.....# #..≈.♣♣
♣≈..#....h@.'.....# #..≈..♣
♣≈.)#...gh#####...# #..≈...
♣≈..#.)).##...## .+ #..≈...
♣≈..##g###.....######..≈...
♣≈.....g#..)....#...'.g.†..
♣≈..)...'...8...'†..'gg)†..
♣≈......#..))...#.).'.g.)..
♣≈..##'###.....######..≈...
♣≈..#...)##...## #..≈..♣


You could see a gnoll sergeant, 3 wolves and a gnoll shaman.

Vanquished Creatures
  Sigmund (D:2)
  Eustachio (D:5)
  A steam dragon (D:6)
  Duvessa (D:6)
  2 black bears
  3 orc warriors
  An ice beast (D:6)
  A sky beast (D:7)
  2 ogres
  2 wolves (Bailey)
  A kobold brigand (D:6)
  2 gnoll sergeants (Bailey)
  2 scorpions
  A wyvern skeleton (D:6)
  Dowan (D:6)
  2 killer bees
  5 hounds
  7 orc priests
  3 gnoll shamans
  A jelly (D:7)
  A centaur skeleton (D:6)
  7 orc wizards
  19 gnolls
  3 adders
  An ufetubus (D:5)
  An adder zombie (D:5)
  3 worms
  3 dart slugs
  35 orcs
  4 endoplasms
  2 giant cockroaches (D:2)
  10 goblins
  8 hobgoblins
  13 jackals
  4 quokkas
  6 ball pythons
  5 bats
  11 kobolds
  5 rats
181 creatures vanquished.

Vanquished Creatures (collateral kills)
  2 wolves (Bailey)
  A centaur (D:7)
  2 gnoll sergeants (Bailey)
  A killer bee (D:7)
  3 gnoll shamans (Bailey)
  4 gnolls (Bailey)
  3 hobgoblins (D:7)
16 creatures vanquished.

Vanquished Creatures (others)
  2 battlemagi (Bailey)
  4 plants (D:2)
6 creatures vanquished.

Grand Total: 203 creatures vanquished

Notes
Turn   | Place    | Note
-------+----------+-------------------------------------------
     0 | D:1      | issech the Troll Monk began the quest for the Orb.
     0 | D:1      | Reached XP level 1. HP: 22/22 MP: 0/0
   184 | D:1      | Reached XP level 2. HP: 26/29 MP: 1/1
   517 | D:1      | Reached skill level 3 in Maces & Flails
   757 | D:2      | Noticed a scorpion
   817 | D:1      | Killed a scorpion
   818 | D:1      | Reached XP level 3. HP: 16/37 MP: 2/2
   818 | D:1      | Reached XP level 4. HP: 19/45 MP: 3/3
  1141 | D:2      | Noticed Sigmund
  2345 | D:3      | Reached XP level 5. HP: 53/53 MP: 4/4
  2720 | D:3      | Reached skill level 4 in Maces & Flails
  2754 | D:3      | Found Lumegask's Antique Weapon Shoppe.
  3262 | D:3      | Bought a transparent whip for 210 gold pieces
  3262 | D:3      | Identified the +9 whip "Wirof" {venom, rF++} (You bought it
                  | in a shop on level 3 of the Dungeon)
  3545 | D:4      | Reached XP level 6. HP: 46/61 MP: 5/5
  3801 | D:4      | Reached skill level 5 in Maces & Flails
  4181 | D:5      | Entered Level 5 of the Dungeon
  4181 | D:5      | Found a runed translucent door.
  4277 | D:2      | Killed Sigmund
  4278 | D:2      | Reached XP level 7. HP: 31/70 MP: 6/6
  4459 | D:5      | Reached skill level 6 in Maces & Flails
  4926 | D:5      | Noticed Eustachio
  4938 | D:5      | Killed Eustachio
  4939 | D:5      | Reached XP level 8. HP: 76/79 MP: 7/7
  5381 | D:4      | Reached skill level 7 in Maces & Flails
  5742 | D:6      | Noticed Duvessa
  5751 | D:6      | Killed Duvessa
  5751 | D:6      | Noticed Dowan
  5767 | D:6      | Killed Dowan
  5946 | D:6      | Reached skill level 5 in Fighting
  5992 | D:6      | Found a radiant altar of Vehumet.
  5992 | D:6      | Found an ornate altar of the Wu Jian Council.
  6055 | D:6      | Reached skill level 8 in Maces & Flails
  6076 | D:6      | Reached skill level 5 in Dodging
  6076 | D:6      | Reached XP level 9. HP: 72/88 MP: 6/8
  6616 | D:7      | Found a staircase to the Ecumenical Temple.
  6627 | Temple   | Entered the Ecumenical Temple
  6729 | Temple   | Became a worshipper of Hepliaklqana the Forgotten
  6729 | Temple   | Reached * piety under Hepliaklqana
  6729 | Temple   | Reached ** piety under Hepliaklqana
  6730 | Temple   | Remembered your ancestor Edwyna as a battlemage
  6858 | D:7      | Found a flagged portal.
  6867 | Bailey   | Entered a bailey
  6904 | Bailey   | Reached skill level 9 in Maces & Flails
  7150 | Bailey   | HP: 4/80 [wolf (6)]
  7151 | Bailey   | HP: 1/80 [wolf (4)]
  7151 | Bailey   | Slain by a wolf

Illustrated notes

Levels and vault maps discovered:
D:1:      enne_arrival_octagon_isle, layout_rooms
D:2:      layout_loops_corners, serial_forest, infiniplex_forest_zigzag_1,
          infiniplex_forest_clump_large, infiniplex_forest_clump_small,
          infiniplex_forest_clump_medium, minmay_misc_feat_chi,
          kennysheep_generic_room_15, uniq_sigmund
D:3:      layout_basic, serial_shops, nicolae_shop_waterfront,
          corexii_hall_statues_s, supply_closet_lemuel, nrook_mini_backslash
D:4:      layout_basic
D:5:      layout_loops_ring, lightli_church_of_beogh, uniq_eustachio
D:6:      layout_rooms, mainiacjoe_overflow_divided_tiny, uniq_duvessa
D:7:      layout_rooms, minmay_temple_entry_glassed_door, serial_curves,
          eino_curves_04, eino_curves_04, enter_bailey_4, uniq_maggie
Temple:   mainiacjoe_temple_cubbyholes
Bailey:   bailey_polearm_gnolls_kennysheep, bailey

Skill      XL: |  1  2  3  4  5  6  7  8  9 |
---------------+----------------------------+-----
Maces & Flails | 3 4 5 6 8 9 |  9.3
Fighting       | 3 4 5 6 |  6.1
Dodging        | 3 4 5 6 |  6.0
Stealth        | 2 |  2.7

Action                   |  1- 3 |  4- 6 |  7- 9 || total
-------------------------+-------+-------+-------++-------
Melee: Mace              |    88 |   184 |       ||   272
       Punch             |     1 |     2 |     4 ||     7
       Whip              |       |    48 |   280 ||   328
Invok: Ancestor Life: Ba |       |       |     1 ||     1
  Use: Scroll            |       |       |     7 ||     7
 Stab: Sleeping          |       |     3 |     2 ||     5
Armor: Robe              |    35 |    90 |    53 ||   178
Dodge: Dodged            |    66 |   155 |   174 ||   395
